 Dungeon Sprint DCSS version 0.30-a0-802-gb92711bcdf (webtiles) character file.

Game seed: 7854277298699763762

9000000 BigDaddyOpFi the Intangible (level 27, -62/228 HPs)
             Began as a Djinni Warper on Feb 23, 2023.
             Was the Champion of Makhleb.
             Annihilated by a meat berserker
             ... wielding a +9 battleaxe
              (83 damage)
             ... in the Dungeon (Sprint VIII: "Arena of Blood").
             The game lasted 00:03:15 (90 turns).

BigDaddyOpFi the Intangible (Djinni Warper)           Turns: 90, Time: 00:03:16

Health: -62/228    AC:  6    Str: 10    XL:     27
Gold:   0          EV: 37    Int: 16    God:    Makhleb [******] SH:  0 Dex: 26

rFire   + + .      SeeInvis .    h - +∞ Axe of Woe
rCold   x . .      Faith    .    (shield currently unavailable)
rNeg    . . .      Spirit   .    a - +0 leather armour
rPois   ∞          Reflect  .    (no helmet)
rElec   .          Harm     .    (no cloak)
rCorr   .          Rampage  .    (no gloves)
Will    ++...      NoTele   +    (boots unavailable)
Stlth   ++++++++++               (no amulet)
HPRegen 0.58/turn                (no ring)
MPRegen 0.00/turn                (no ring)

@: flying, slowed, very slow
A: sickness immunity, fire resistance 2, cold vulnerability 1, float, innate
caster, HP casting, extra vitality 1
a: Renounce Religion, Minor Destruction, Lesser Servant of Makhleb, Major
Destruction, Greater Servant of Makhleb


You were in the Dungeon.
You worshipped Makhleb.
Makhleb was exalted by your worship.
You visited 1 branch

Inventory:

Hand Weapons
 h - the +∞ Axe of Woe (weapon)
   (You found it in the Dungeon)
Missiles
 c - 7 boomerangs of dispersal (quivered)
Armour
 a - a +0 leather armour (worn)
Scrolls
 b - 2 scrolls of blinking
Potions
 d - a potion of curing
 e - a potion of heal wounds
 f - a potion of haste
 g - a potion of berserk rage


   Skills:
 O Level 27 Fighting
 O Level 27 Short Blades
 O Level 27 Long Blades
 O Level 27 Axes
 O Level 27 Maces & Flails
 O Level 27 Polearms
 O Level 27 Staves
 O Level 27 Ranged Weapons
 O Level 27 Throwing
 O Level 27 Armour
 O Level 27 Dodging
 O Level 27 Stealth
 O Level 27 Shields
 O Level 27 Unarmed Combat
 O Level 27 Spellcasting
 O Level 27 Invocations
 O Level 27 Evocations


You knew the following spells:

 Your Spells              Type           Power      Damage    Failure   Level
a - Blink                 Tloc           100%       N/A       0%          2
b - Lesser Beckoning      Tloc           100%       N/A       0%          2
c - Vhi's Electric Charg  Tloc/Air       100%       N/A       0%          3
d - Teleport Other        Tloc           82%        N/A       0%          3
e - Manifold Assault      Tloc           82%        N/A       0%          4
f - Magic Dart            Conj           100%       1d8       0%          1
g - Wereblood             Tmut           82%        N/A       0%          2
h - Gell's Gravitas       Tloc           82%        N/A       0%          3
i - Ozocubu's Armour      Ice            82%        N/A       0%          3
j - Summon Lightning Spi  Summ/Air       82%        N/A       0%          4
k - Silence               Hex/Air        41%        N/A       0%          5
l - Eringya's Noxious Bo  Tmut/Pois      41%        N/A       0%          6
m - Ozocubu's Refrigerat  Ice            41%        4d16      1%          7
n - Simulacrum            Ice/Necr       41%        N/A       0%          6
o - Necromutation         Tmut/Necr      41%        N/A       1%          8
p - Ignition              Fire           41%        3d12      1%          8
q - Lehudib's Crystal Sp  Conj/Erth      41%        10d10     1%          8
r - Polar Vortex          Ice            41%        N/A       2%          9
Your spell library was empty.

Dungeon Overview and Level Annotations

Branches:
Dungeon (1/1)

Altars:
Makhleb


Innate Abilities, Weirdness & Mutations

You are immune to sickness and miasma.
You are immune to poison.
Your flesh is very heat resistant. (rF++)
You are vulnerable to cold. (rC-)
You float through the air rather than walking.
You learn spells naturally, not from books.
Your magical power is your life essence.
You have superior vitality. (+4 MHP)


Message History

You hear a shout! x6
A bag of meat comes into view. It is wielding a +9 war axe.
You hear a shout! x2
An eight-headed meat hydra comes into view.
The meat berserker rages.
You hear a shout! x3
The bag of meat moves out of view.
Unknown command.
The eight-headed meat hydra roars!
You lop one of the eight-headed meat hydra's heads off!
The seven-headed meat hydra grows two more!
You hit the nine-headed meat hydra.
You slaughter the nine-headed meat hydra joyfully.
You kill the nine-headed meat hydra!
Makhleb accepts your kill.
You hear a shout! x2
The meat berserker rages.
You hear a shout! x6
A bag of meat comes into view. It is wielding a +9 war axe.
The eight-headed meat hydra calls on the powers of darkness!
The eight-headed meat hydra convulses!
The bag of meat convulses! x2
The bag of meat shouts!
Something is bathed in an unholy light!
The meat berserker convulses!
Your body is wracked with pain!
* * * LOW HITPOINT WARNING * * *
You hear a shout! x2
A meat berserker comes into view. It is wielding a +9 battleaxe.
You hear a shout! x2
Unknown command.
You hear a shout! x8
The meat berserker rages.
You see here a meat hydra corpse.
You hear a shout! x9
The eight-headed meat hydra calls on the powers of darkness!
The eight-headed meat hydra convulses!
The bag of meat convulses!
The meat berserker convulses!
Something is bathed in an unholy light! x2
The meat berserker convulses!
Your body is wracked with pain!
* * * LOW HITPOINT WARNING * * *
The meat berserker hits you with a +9 battleaxe!!!!
You die...

.....#).)....#.....oo
......)))).....D.o .o
........)......o. .
......)))...O...#
......).)M.{..##..
....#..))....#....
.............#...#
...##.#...O....... ..
.......@....... #
....#.....####.
.............#
.................
......=.......#
###############


You could see an accursed, an eight-headed meat hydra, 2 meat berserkers and a
bag of meat.

Vanquished Creatures
  6 hell beasts (D)
  6 royal mummies (D)
  A wraith (D)
  11 vampire knights (D)
  29 ogres (D)
  12 two-headed ogres (D)
  6 liches (D)
  3 hydras (D)
  67 orcs (D)
  4 skeletal warriors (D)
145 creatures vanquished.

Notes
Turn   | Place    | Note
-------+----------+-------------------------------------------
     0 | D        | Found the +∞ Axe of Woe
     0 | D        | BigDaddyOpFi the Djinni Warper began the quest for the Orb.
     0 | D        | BigDaddyOpFi set off with the following spells memorised:
                  | Blink, Lesser Beckoning, Vhi's Electric Charge, Teleport
                  | Other, Manifold Assault.
     0 | D        | Reached XP level 1. HP: 18/18 MP: 0/0
     0 | D        | Noticed a bag of meat
     3 | D        | Noticed a meat berserker
     4 | D        | Became a worshipper of Makhleb the Destroyer
     5 | D        | Noticed a bag of meat
     5 | D        | Noticed a bag of meat
     7 | D        | Killed a meat berserker
     8 | D        | Reached skill level 10 in Fighting
     8 | D        | Reached skill level 10 in Armour
     8 | D        | Reached skill level 10 in Unarmed Combat
     8 | D        | Reached skill level 10 in Invocations
     8 | D        | Reached XP level 2. HP: 15/36 MP: 0/0
     8 | D        | Reached XP level 3. HP: 18/41 MP: 0/0
     8 | D        | Learned a level 1 spell: Magic Dart
     8 | D        | Reached XP level 4. HP: 20/47 MP: 0/0
     8 | D        | Reached XP level 5. HP: 22/52 MP: 0/0
     8 | D        | Learned a level 2 spell: Wereblood
     8 | D        | Reached XP level 6. HP: 25/58 MP: 0/0
     8 | D        | Reached XP level 7. HP: 28/64 MP: 0/0
     8 | D        | Learned a level 3 spell: Gell's Gravitas
     8 | D        | Reached XP level 8. HP: 30/69 MP: 0/0
     8 | D        | Reached XP level 9. HP: 33/75 MP: 0/0
     8 | D        | Learned a level 3 spell: Ozocubu's Armour
     8 | D        | Reached XP level 10. HP: 35/81 MP: 0/0
     8 | D        | Reached XP level 11. HP: 37/86 MP: 0/0
     8 | D        | Learned a level 4 spell: Summon Lightning Spire
     8 | D        | Reached XP level 12. HP: 40/92 MP: 0/0
     8 | D        | Killed a bag of meat
     8 | D        | Reached * piety under Makhleb
     9 | D        | Reached skill level 10 in Stealth
     9 | D        | Reached XP level 13. HP: 19/99 MP: 0/0
     9 | D        | Learned a level 5 spell: Silence
     9 | D        | Killed a bag of meat
     9 | D        | Noticed a bag of meat
    10 | D        | Reached skill level 10 in Axes
    10 | D        | Reached skill level 10 in Throwing
    10 | D        | Killed a bag of meat
    11 | D        | Reached skill level 10 in Spellcasting
    11 | D        | Reached XP level 14. HP: 45/108 MP: 0/0
    12 | D        | Noticed a bag of meat
    14 | D        | Killed a bag of meat
    14 | D        | Reached ** piety under Makhleb
    14 | D        | Noticed a meat berserker
    16 | D        | Killed a meat berserker
    17 | D        | Reached skill level 15 in Dodging
    17 | D        | Reached XP level 15. HP: 52/117 MP: 0/0
    17 | D        | Learned a level 6 spell: Eringya's Noxious Bog
    19 | D        | Noticed a destroyer
    20 | D        | Noticed a large bag of meat
    21 | D        | Noticed a meat berserker
    21 | D        | Noticed a destroyer
    22 | D        | Noticed a meat berserker
    22 | D        | Noticed a meat berserker
    22 | D        | Noticed a large bag of meat
    22 | D        | Killed a destroyer
    22 | D        | Reached *** piety under Makhleb
    22 | D        | Killed a large bag of meat
    22 | D        | Noticed a meat berserker
    22 | D        | Noticed a meat berserker
    23 | D        | Reached skill level 15 in Stealth
    23 | D        | Reached XP level 16. HP: 73/129 MP: 0/0
    23 | D        | Noticed a meat berserker
    23 | D        | Noticed a large bag of meat
    23 | D        | Noticed a meat berserker
    23 | D        | Noticed a large bag of meat
    23 | D        | Noticed a meat berserker
    23 | D        | Killed a destroyer
    23 | D        | Noticed a destroyer
    24 | D        | Reached XP level 17. HP: 70/136 MP: 0/0
    24 | D        | Learned a level 7 spell: Ozocubu's Refrigeration
    24 | D        | Killed a meat berserker
    24 | D        | Reached **** piety under Makhleb
    24 | D        | Noticed a meat berserker
    25 | D        | Reached skill level 15 in Axes
    25 | D        | Reached skill level 15 in Throwing
    25 | D        | Killed a destroyer
    26 | D        | Noticed a large bag of meat
    26 | D        | Noticed a meat berserker
    26 | D        | Noticed a large bag of meat
    26 | D        | Noticed a large bag of meat
    26 | D        | Killed a meat berserker
    26 | D        | Noticed a destroyer
    27 | D        | Reached skill level 15 in Spellcasting
    27 | D        | Reached XP level 18. HP: 108/149 MP: 0/0
    27 | D        | Killed a meat berserker
    27 | D        | Reached ***** piety under Makhleb
    27 | D        | Killed a large bag of meat
    27 | D        | Noticed a meat berserker
    27 | D        | Noticed a large bag of meat
    28 | D        | Reached XP level 19. HP: 139/158 MP: 0/0
    28 | D        | Learned a level 6 spell: Simulacrum
    28 | D        | Killed a large bag of meat
    28 | D        | Killed a meat berserker
    28 | D        | Reached ****** piety under Makhleb
    28 | D        | Noticed a destroyer
    29 | D        | Reached XP level 20. HP: 157/169 MP: 0/0
    29 | D        | Killed a meat berserker
    29 | D        | Noticed a destroyer
    30 | D        | Killed a meat berserker
    30 | D        | Killed a meat berserker
    31 | D        | Reached XP level 21. HP: 176/182 MP: 0/0
    31 | D        | Learned a level 8 spell: Necromutation
    31 | D        | Killed a destroyer
    31 | D        | Killed a meat berserker
    31 | D        | Killed a large bag of meat
    32 | D        | Reached skill level 27 in Dodging
    32 | D        | Reached XP level 22. HP: 178/193 MP: 0/0
    32 | D        | Killed a meat berserker
    33 | D        | Noticed a meat berserker
    33 | D        | Noticed a destroyer
    33 | D        | Noticed a large bag of meat
    33 | D        | Killed a destroyer
    34 | D        | Reached skill level 27 in Fighting
    34 | D        | Reached skill level 27 in Armour
    34 | D        | Reached skill level 27 in Unarmed Combat
    34 | D        | Reached skill level 27 in Invocations
    34 | D        | Killed a destroyer
    35 | D        | Reached XP level 23. HP: 201/201 MP: 0/0
    35 | D        | Learned a level 8 spell: Ignition
    36 | D        | Reached skill level 27 in Stealth
    37 | D        | Reached skill level 27 in Axes
    37 | D        | Reached skill level 27 in Throwing
    37 | D        | Killed a destroyer
    38 | D        | Reached skill level 27 in Spellcasting
    38 | D        | Reached XP level 24. HP: 208/208 MP: 0/0
    38 | D        | Noticed a large bag of meat
    39 | D        | Killed a large bag of meat
    39 | D        | Killed a large bag of meat
    40 | D        | Noticed a destroyer
    41 | D        | Reached XP level 25. HP: 214/214 MP: 0/0
    41 | D        | Learned a level 8 spell: Lehudib's Crystal Spear
    42 | D        | Killed a large bag of meat
    44 | D        | Killed a large bag of meat
    45 | D        | Reached skill level 27 in Maces & Flails
    45 | D        | Reached skill level 27 in Polearms
    46 | D        | Killed a destroyer
    46 | D        | Noticed an accursed
    47 | D        | Reached XP level 26. HP: 218/221 MP: 0/0
    48 | D        | Reached skill level 27 in Staves
    49 | D        | Killed a large bag of meat
    50 | D        | Noticed a tyrant
    51 | D        | Reached skill level 15 in Short Blades
    51 | D        | Reached skill level 15 in Long Blades
    52 | D        | Noticed an accursed
    52 | D        | Noticed an accursed
    53 | D        | Reached XP level 27. HP: 223/228 MP: 0/0
    53 | D        | Learned a level 9 spell: Polar Vortex
    53 | D        | Killed a large bag of meat
    53 | D        | Noticed a tyrant
    57 | D        | Killed an accursed
    57 | D        | Killed a tyrant
    58 | D        | Noticed an accursed
    59 | D        | Noticed a large bag of meat
    61 | D        | Noticed a meat beast
    61 | D        | Killed an accursed
    61 | D        | Noticed a meat beast
    61 | D        | Noticed a destroyer
    61 | D        | Noticed a tyrant
    62 | D        | Reached skill level 27 in Short Blades
    62 | D        | Reached skill level 27 in Long Blades
    62 | D        | Reached skill level 27 in Shields
    62 | D        | Reached skill level 27 in Evocations
    62 | D        | Noticed a destroyer
    62 | D        | Noticed a large bag of meat
    62 | D        | Noticed a destroyer
    62 | D        | Noticed an accursed
    62 | D        | Noticed a tyrant
    62 | D        | Noticed an accursed
    62 | D        | Noticed a meat beast
    62 | D        | Killed an accursed
    62 | D        | Noticed a dread
    63 | D        | Noticed a tyrant
    64 | D        | Reached skill level 27 in Ranged Weapons
    64 | D        | Noticed a meat beast
    64 | D        | Killed a meat beast
    64 | D        | Killed a meat beast
    65 | D        | Killed a destroyer
    66 | D        | Killed a meat beast
    66 | D        | Noticed a meat beast
    66 | D        | Noticed a tyrant
    69 | D        | Killed a meat beast
    69 | D        | Killed an accursed
    70 | D        | Killed a dread
    70 | D        | Killed a meat beast
    71 | D        | Killed a large bag of meat
    72 | D        | Killed a tyrant
    73 | D        | Killed a tyrant
    73 | D        | Killed a destroyer
    73 | D        | Killed a tyrant
    74 | D        | Killed a tyrant
    74 | D        | Killed a destroyer
    75 | D        | Killed a large bag of meat
    81 | D        | Noticed a meat beast
    81 | D        | Killed an accursed
    81 | D        | Killed a tyrant
    82 | D        | Killed an accursed
    85 | D        | Killed a meat beast
    88 | D        | Noticed an accursed
    90 | D        | Annihilated by a meat berserker

Illustrated notes

Levels and vault maps discovered:
D:        meatsprint

Skill      XL: |  1  2  3  4  5  6  7  8  9 10 11 12 13 14 15 16 17 18 19 20 21 22 23 24 25 26 27 |
---------------+----------------------------------------------------------------------------------+-----
Fighting       | 10 11 12 14 16 17 19 21 22 25 26 27 | 27.0
Axes           | 8 9 10 12 13 14 16 18 19 21 22 24 27 | 27.0
Throwing       | 8 9 10 12 13 14 16 18 19 21 22 24 27 | 27.0
Armour         | 10 11 12 14 16 17 19 21 22 24 26 27 | 27.0
Dodging        | 11 12 13 15 17 18 21 22 24 26 27 | 27.0
Stealth        | 9 10 11 13 15 18 19 21 23 24 26 27 | 27.0
Unarmed Combat | 10 11 12 14 16 17 19 21 22 25 26 27 | 27.0
Spellcasting   | 8 9 10 11 13 15 16 18 20 21 23 27 | 27.0
Invocations    | 10 11 12 14 16 17 19 21 22 24 26 27 | 27.0
Maces & Flails | 11 23 27 | 27.0
Polearms       | 11 23 27 | 27.0
Staves         | 26 27 | 27.0
Short Blades   | 16 27 | 27.0
Long Blades    | 16 27 | 27.0
Shields        | 17 27 | 27.0
Evocations     | 17 27 | 27.0
Ranged Weapons | 27 | 27.0

Action                     |  1- 3 |  4- 6 |  7- 9 | 10-12 | 13-15 | 16-18 | 19-21 | 22-24 | 25-27 || total
---------------------------+-------+-------+-------+-------+-------+-------+-------+-------+-------++-------
  Melee: Executioner's axe |     1 |       |       |     1 |     6 |     5 |     4 |     9 |    44 ||    70
   Cast: Vhi's Electric Ch |       |       |       |       |     1 |     2 |       |     2 |     4 ||     9
         Magic Dart        |       |       |       |       |       |       |       |       |     1 ||     1
  Dodge: Dodged            |       |       |       |       |       |       |       |       |     1 ||     1

Table legend: (Time is in decaauts)
 A = Elapsed time spent in this place.
 B = Non-inter-level travel time spent in this place.
 C = Inter-level travel time spent in this place.
 D = Time resting spent in this place.
 E = Time spent auto-exploring this place.
 F = Levels seen in this place.
 G = Mean time per level.
                   A        B        C        D        E       F      G
               +--------+--------+--------+--------+--------+-----+--------+
         Total |     81 |     81 |      0 |      0 |      0 |   1 |   81.0 |
       Dungeon |     81 |     81 |      0 |      0 |      0 |   1 |   81.0 |
               +--------+--------+--------+--------+--------+-----+--------+

Top non-repeatable levels by time:
       D: 81 daAuts
